Map: Ultralove

Players

wootwoot - Winner!

  • Race: Protoss Protoss
  • League: Diamond
  • Spawn Location: 1:00

Parmesan

  • Race: Protoss Protoss
  • League: Diamond
  • Spawn Location: 7:00

VOD

Have the link to the VOD?

Description

Time

  • Played on: April 22, 2025, 9:07 a.m.
  • Length: 4:24
Show
View Real Time Build Order
Export as new Build Order

wootwoot Protoss - Winner!

Build Orders:  

Get SALT Encoding   

  12  0:02  Probe  
  13  0:14  Probe  
  14  0:20  Pylon  
  14  0:26  Probe  
  15  0:35  Probe  
  15  0:39  Gateway  
  16  0:43  Probe  
  17  0:52  Probe  
  18  0:58  Gateway  
  18  1:04  Probe  
  19  1:11  Assimilator  
  19  1:13  Assimilator  
  19  1:16  Probe  
  20  1:26  Cybernetics Core  
  20  1:29  Probe  
  21  1:39  Pylon  
  21  1:40  Warp Gate  
  21  1:41  Probe  
  22  1:53  Probe  
  23  2:01  Stalker  
  23  2:02  Stalker  
  27  2:31  Gateway  
  27  2:35  Gateway  
  27  2:39  Pylon  
  27  2:46  Shield Battery  
  27  3:22  Pylon  
  27  3:28  Stalker x3  
  27  3:29  Stalker  
  35  3:34  Pylon  
  33  3:53  Stalker x3  
  39  4:12  Stalker  
Show
View Real Time Build Order
Export as new Build Order

Parmesan Protoss 

Build Orders:  

Get SALT Encoding   

  12  0:00  Probe  
  13  0:13  Pylon, Probe  
  14  0:21  Probe  
  15  0:31  Probe  
  16  0:42  Gateway  
  16  0:46  Assimilator  
  16  0:55  Probe  
  17  1:07  Assimilator, Probe  
  18  1:19  Probe  
  19  1:30  Cybernetics Core  
  19  1:32  Probe  
  20  1:44  Pylon, Probe  
  21  1:59  Sentry  
  21  2:00  Nexus  
  21  2:07  Probe  
  24  2:17  Warp Gate  
  24  2:24  Stalker, Probe  
  27  2:34  Pylon  
  27  2:36  Probe  
  28  2:44  Shield Battery  
  28  2:49  Robotics Facility  
  28  2:54  Stalker  
  30  3:18  Probe  
  31  3:23  Stalker  
  33  3:38  Gateway  
Tags
 
Matchup
PvP
Replay Pack
#1B2M-Replays
Spawn Locations
Cross Positions
Add a new tag
Caveats
  • Supply blocks, unpowered buildings, or Contaminate may cause inaccurate times.
  • Supply counts are checked every 10 seconds.